 Dungeon Crawl Stone Soup version 0.29.0-10-g45618ea6d2 (webtiles) character file.

Game seed: 5885606126427681149

42 blackman the Chopper (level 3, 26/26 HPs)
             Began as a Demonspawn Fighter on Sept 1, 2022.
             Was a Follower of Hepliaklqana.
             Quit the game on level 1 of the Dungeon.
             The game lasted 00:01:44 (861 turns).

blackman the Chopper (Demonspawn Fighter)            Turns: 861, Time: 00:01:44

Health: 26/26      AC:  6    Str: 18    XL:     3   Next: 33%
Magic:  3/3        EV:  9    Int:  9    God:    Hepliaklqana [*.....]
Gold:   119        SH:  4    Dex: 12    Spells: 2/2 levels left

rFire   . . .      SeeInvis .   a - +0 war axe
rCold   . . .      Faith    .   c - +0 buckler
rNeg    . . .      Spirit   .   b - +0 scale mail
rPois   .          Reflect  .   (no helmet)
rElec   .          Harm     .   (no cloak)
rCorr   .          Rampage  .   (no gloves)
Will    .....                   (no boots)
Stlth   ..........              (no amulet)
HPRegen 0.08/turn               (no ring)
MPRegen 0.08/turn               (no ring)

@: no status effects
A: reduced essence, demonic magic 1
a: Renounce Religion, Recall Ancestor, Ancestor Identity


You were on level 1 of the Dungeon.
You worshipped Hepliaklqana.
Hepliaklqana was aware of your devotion.
You visited 1 branch of the dungeon, and saw 1 of its levels.

You collected 119 gold pieces.

Inventory:

Hand Weapons
 a - a +0 war axe (weapon)
Armour
 b - a +0 scale mail (worn)
 c - a +0 buckler (worn)
Scrolls
 e - 2 scrolls of enchant armour {unknown}
 f - a scroll of identify {unknown}
Potions
 d - a potion of might


   Skills:
 - Level 3.0 Fighting
 + Level 3.4 Axes
 - Level 2.6 Armour
 - Level 2.6 Shields


You had 2 spell levels left.
You didn't know any spells.
Your spell library was empty.

Dungeon Overview and Level Annotations

Branches:
Dungeon (1/15)

Altars:
Hepliaklqana


Innate Abilities, Weirdness & Mutations

Your life essence is reduced to manifest your ancestor. (-10% HP)
Spells you cast may paralyse adjacent enemies.


Message History

Found 2 stones.
You see here 2 stones.
Key pressed, stopping explore.
Key pressed, stopping explore.
Key pressed, stopping explore.
Key pressed, stopping explore.
Key pressed, stopping explore.
Key pressed, stopping explore.
Key pressed, stopping explore.
Key pressed, stopping explore.
Key pressed, stopping explore.
Key pressed, stopping explore.
Found a faded altar of an unknown god.
Key pressed, stopping explore.
Found a robe.
Key pressed, stopping explore.
Key pressed, stopping explore.
Key pressed, stopping explore.
Things that are here:
a +0 short sword; 4 stones You now have 119 gold pieces (gained 13).
Done exploring.
Things that are here:
a +0 robe; a human skeleton
There is a faded altar of an unknown god here.
You cannot tell which god this altar belongs to.
Convert to them anyway?
Hepliaklqana accepts your prayer! Hepliaklqana welcomes you!
Hepliaklqana forms a fragment of your life essence into the memory of your ancestor, Zolin!
You can now recall your ancestor.
You can now remember your ancestor's identity.
Welcome back, blackman the Demonspawn Fighter.
Hepliaklqana says: Your past becomes your present!
Press ? for a list of commands and other information.
Welcome back, blackman the Demonspawn Fighter.
Hepliaklqana says: Your past becomes your present!
Press ? for a list of commands and other information.
Unknown command.
Press < or > to pray at altars.
Are you sure you want to abandon this character and quit the game? (Confirm with "yes".)

#####..###....)...#.
##....####....).....
#..##.#.>..####.....
###.###..######....#
##P....##......#.....
##...~...######...#...
#P...~....# #...#.....
##P.[.R..## #.######..
###♣@♣### #.# ##...
### ##.####..##
#########..#....##
#............####
#........†####
#.........# #
#.........# #
########### # #


You could see the friendly Zolin the ancestor.

Vanquished Creatures
  4 dart slugs (D:1)
  2 endoplasms (D:1)
  4 goblins (D:1)
  10 jackals (D:1)
  3 ball pythons (D:1)
  A bat (D:1)
  3 kobolds (D:1)
  4 rats (D:1)
31 creatures vanquished.

Vanquished Creatures (others)
  4 fungi (D:1)
  14 plants (D:1)
18 creatures vanquished.

Grand Total: 49 creatures vanquished

Notes
Turn   | Place    | Note
-------+----------+-------------------------------------------
     0 | D:1      | blackman the Demonspawn Fighter began the quest for the
                  | Orb.
     0 | D:1      | Reached XP level 1. HP: 18/18 MP: 1/1
    24 | D:1      | Gained mutation: Spells you cast may paralyse adjacent
                  | enemies. [demonic ancestry]
    24 | D:1      | Reached XP level 2. HP: 22/24 MP: 2/2
   250 | D:1      | Reached XP level 3. HP: 13/29 MP: 3/3
   751 | D:1      | Found a faded altar of an unknown god.
   860 | D:1      | Prayed at the altar of an unknown god.
   860 | D:1      | Became a worshipper of Hepliaklqana the Forgotten
   860 | D:1      | Reached * piety under Hepliaklqana
   861 | D:1      | Quit the game

Illustrated notes

Levels and vault maps discovered:
D:1:      spicycebolla_arrival_clurvy, layout_rooms,
          dreamdust_ecumenical_altar_hidden_monk_grotto

Skill      XL: |  1  2 |
---------------+-------+-----
Axes           | 2 3 |  3.4
Fighting       | |  3.0
Armour         | |  2.6
Shields        | |  2.6

Action                   || total
-------------------------++-------
Melee: War axe           ||    69
Armor: Scale mail        ||    40
Dodge: Dodged            ||    28
Block: Buckler           ||    18
